[Event "Early-Titled-Tuesday-Blitz-October-24-2023"]
[Site "Chess.com"]
[Date "2023.10.24"]
[Round "3"]
[White "ArmanGhevondyanchess"]
[Black "svilson23"]
[Result "1-0"]
[WhiteElo "2530"]
[BlackElo "2264"]
[TimeControl "180+1"]
[EndTime "8:25:29 PDT"]
[Termination "ArmanGhevondyanchess won by resignation"]

1. Nf3 c5 2. g3 d5 3. d4 cxd4 4. Bg2 Nf6 5. O-O Nc6 6. Nxd4 e5 7. Nxc6 bxc6 8. c4 Be6 9. Nc3 Be7 10. cxd5 cxd5 11.
Bg5 e4 12. Bxf6 Bxf6 13. Qa4+ Qd7 14. Qxd7+ Kxd7 15. Rfd1 Bxc3 16. bxc3 Ke7 17. c4 dxc4 18. Bxe4 Rad8 19. f4 Rxd1+ 20. Rxd1 Rd8 21. Rxd8 Kxd8 22. Kf2 Kc7 23. Ke3 Kb6 24. Kd4 Kb5 25. Bc2 Kb4 26. f5 Bd7 27. e4 f6 28. h4 Bb5 29. g4 Ka3 30. g5 Kxa2 31. gxf6 gxf6 32. e5 fxe5+ 33.
Kxe5 c3 34. f6 Bc4 35. Kd4 Bf7 36. Kxc3 h6 37. Bd3 a5 38. Bc4+ 1-0

[Event "Early-Titled-Tuesday-Blitz-October-24-2023"]
[Site "Chess.com"]
[Date "2023.10.24"]
[Round "3"]
[White "Smiechu"]
[Black "Artemiki"]
[Result "1-0"]
[WhiteElo "2509"]
[BlackElo "2304"]
[TimeControl "180+1"]
[EndTime "8:25:29 PDT"]
[Termination "Smiechu won by checkmate"]

1. e4 e5 2. Nf3 Nc6 3. d4 exd4 4. Nxd4 Nf6 5. Nxc6 bxc6 6. e5 Qe7 7. Qe2 Nd5 8. c4 Ba6 9. b3 g6 10. f4 d6 11. Qf3 Nb4 12. Bd3 Nxd3+ 13. Qxd3 dxe5 14. O-O e4 15. Qc3 Rg8 16. Ba3 c5 17. Nd2 f5 18.
Qa5 Qd6 19. Rad1 Qb6 20. Qc3 Bg7 21. Qh3 h5 22. Nxe4 fxe4 23. Qd7+ Kf8 24. f5 Bd4+ 25.
Rxd4 Rg7 26. fxg6+ Kg8 27. Qd8+ Rxd8 28. Rxd8# 1-0

[Event "Early-Titled-Tuesday-Blitz-October-24-2023"]
[Site "Chess.com"]
[Date "2023.10.24"]
[Round "3"]
[White "Mariia89"]
[Black "wild3000"]
[Result "0-1"]
[WhiteElo "2122"]
[BlackElo "2350"]
[TimeControl "180+1"]
[EndTime "8:25:31 PDT"]
[Termination "wild3000 won by resignation"]

1. d4 Nf6 2. Nf3 d5 3. c4 e6 4. Nc3 Be7 5. Bg5 O-O 6. e3 Nbd7 7. Bd3 h6 8. Bh4 b6 9. cxd5 Nxd5 10. Nxd5 exd5 11. Bxe7 Qxe7 12. O-O Bb7 13. Rc1 c5 14. Bb1 Rac8 15. Qd3 g6 16. Rfd1 Rfd8 17. h4 Nf6 18.
Ne5 Ne4 19. g3 Qf6 20. Qe2 Nd6 21. Qg4 h5 22. Qe2 a6 23. Nf3 Ne4 24. Ne5 Kg7 25. Kg2 c4 26. Bxe4 dxe4 27. Nxc4 Bd5 28. b3 a5 29.
Nxb6 Qxb6 30. Rxc8 Rxc8 31. Qd2 Qb4 32. Qe2 Be6 33. Rd2 Bg4 34. Qe1 Bf3+ 35. Kh2 Qc3 36. Re2 Bxe2 37. Qxe2 Qc2 0-1

[Event "Early-Titled-Tuesday-Blitz-October-24-2023"]
[Site "Chess.com"]
[Date "2023.10.24"]
[Round "3"]
[White "xxysoul6"]
[Black "Martial2008"]
[Result "1-0"]
[WhiteElo "3003"]
[BlackElo "2658"]
[TimeControl "180+1"]
[EndTime "8:25:32 PDT"]
[Termination "xxysoul6 won by resignation"]

1. d4 Nf6 2. c4 e6 3. Nc3 Bb4 4. e3 O-O 5. Bd3 c5 6. Ne2 Nc6 7.
O-O cxd4 8. exd4 d5 9. a3 Bd6 10. h3 dxc4 11. Bxc4 a6 12. Bg5 h6 13. Bh4 b5 14. Ba2 Bb7 15. d5 exd5 16. Nxd5 Be7 17. Nxe7+ Qxe7 18. Nc3 Rad8 19. Nd5 Qe5 20. Nxf6+ gxf6 21.
Qf3 Kg7 22. Rae1 Qxb2 23. Re2 Qd4 24. Re4 Qb2 25. Rg4+ Kh7 26. Qf5+ 1-0

[Event "Early-Titled-Tuesday-Blitz-October-24-2023"]
[Site "Chess.com"]
[Date "2023.10.24"]
[Round "3"]
[White "Susal_De_Silva"]
[Black "MFatigue"]
[Result "1-0"]
[WhiteElo "2746"]
[BlackElo "2480"]
[TimeControl "180+1"]
[EndTime "8:25:33 PDT"]
[Termination "Susal_De_Silva won by resignation"]

1. c4 c5 2. e4 Nc6 3. Ne2 Nf6 4. Nbc3 e6 5. g3 d5 6. exd5 exd5 7. Bg2 d4 8. Nd5 Nxd5 9. cxd5 Nb4 10. O-O Be7 11. Nf4 g5 12. a3 gxf4 13. axb4 fxg3 14. fxg3 cxb4 15. Qh5 O-O 16. d3 Qd6 17. Bh6 Bd7 18. Be4 f5 19. Bxf8 Rxf8 20. Bxf5 1-0

[Event "Early-Titled-Tuesday-Blitz-October-24-2023"]
[Site "Chess.com"]
[Date "2023.10.24"]
[Round "3"]
[White "IsaqueGoncalvesSanto"]
[Black "GlavkonVVS"]
[Result "0-1"]
[WhiteElo "1824"]
[BlackElo "2513"]
[TimeControl "180+1"]
[EndTime "8:25:33 PDT"]
[Termination "GlavkonVVS won by resignation"]

1. d4 Nf6 2. c4 c5 3. d5 e6 4.
Nc3 exd5 5. cxd5 d6 6. Nf3 g6 7. Nd2 Bg7 8. Nc4 O-O 9. Bf4 Ne8 10. h4 a6 11. a4 Nd7 12. Nxd6 Nxd6 13. Bxd6 Re8 14. e3 Qb6 15. Bxc5 Nxc5 16. Rb1 Bf5 17.
Be2 Bxc3+ 18. bxc3 Qxb1 19. Qxb1 Bxb1 20. O-O Bd3 21.
Bxd3 Nxd3 22. Rd1 Nc5 23. a5 Red8 24. f3 Rac8 25. e4 Nb3 26. Rd3 Nxa5 27. Kf2 Nc4 28. f4 f6 29. g4 b5 30. g5 fxg5 31. hxg5 Rf8 32. Rf3 Nd6 33. e5 Ne4+ 34. Ke3 Nxc3 35. Kd4 Rc4+ 36. Kd3 Nxd5 0-1

[Event "Early-Titled-Tuesday-Blitz-October-24-2023"]
[Site "Chess.com"]
[Date "2023.10.24"]
[Round "3"]
[White "GianmarcoVaR"]
[Black "Levanzovsky"]
[Result "1-0"]
[WhiteElo "2740"]
[BlackElo "2478"]
[TimeControl "180+1"]
[EndTime "8:25:34 PDT"]
[Termination "GianmarcoVaR won by resignation"]

1. e4 c5 2. Nf3 d6 3. Bb5+ Nd7 4. a4 a6 5. Be2 Ngf6 6. Nc3 b6 7. d4 cxd4 8. Qxd4 Bb7 9. O-O e6 10. Rd1 Be7 11. e5 Nxe5 12. Nxe5 dxe5 13. Qxe5 Qb8 14. Qxb8+ Rxb8 15. Be3 Nd7 16. a5 b5 17. Nxb5 axb5 18. Bxb5 Bd5 19. c4 Rxb5 20. cxb5 O-O 21. a6 Bc5 22. Bxc5 Nxc5 23. b6 h5 24. b4 Nd7 25. b7 Nb6 26. Rxd5 1-0

[Event "Early-Titled-Tuesday-Blitz-October-24-2023"]
[Site "Chess.com"]
[Date "2023.10.24"]
[Round "3"]
[White "UK_23"]
[Black "whitemirrorninja"]
[Result "0-1"]
[WhiteElo "2396"]
[BlackElo "2575"]
[TimeControl "180+1"]
[EndTime "8:25:34 PDT"]
[Termination "whitemirrorninja won by resignation"]

1. e4 c5 2. c3 e6 3. d4 d5 4. exd5 exd5 5. Nf3 Nf6 6. Bb5+ Nc6 7. O-O Be7 8. dxc5 Bxc5 9. Bg5 O-O 10. Nbd2 h6 11.
Bh4 a6 12. Bd3 Bg4 13. h3 Bh5 14. Qc2 Rc8 15. g4 Nb4 16. cxb4 Bxf2+ 17. Rxf2 Rxc2 18. Bxc2 Bg6 19. Bxg6 fxg6 20. Kg2 Qb6 21. a3 Ne4 22. Nxe4 dxe4 23. Ne5 Re8 24. Nc4 Qc6 25. Ne3 Qb6 26. Re1 Qd4 27. Bg3 b6 28. h4 Qd7 29. h5 gxh5 30. gxh5 Qb5 31. Rd2 Qxh5 32. Rf1 a5 33.
bxa5 bxa5 34. Rf5 Qg6 35. Rxa5 Qb6 36. Nd5 Qxa5 0-1

[Event "Early-Titled-Tuesday-Blitz-October-24-2023"]
[Site "Chess.com"]
[Date "2023.10.24"]
[Round "3"]
[White "wanyaland"]
[Black "tetrix83"]
[Result "0-1"]
[WhiteElo "2460"]
[BlackElo "2631"]
[TimeControl "180+1"]
[EndTime "8:25:35 PDT"]
[Termination "tetrix83 won by resignation"]

1. d4 Nf6 2. c4 g6 3. Nc3 Bg7 4. e4 d6 5. f3 O-O 6. Be3 e5 7. Nge2 c6 8. Qd2 Nbd7 9. g4 a6 10. h4 b5 11. h5 Nb6 12. Ng3 exd4 13. Bxd4 c5 14. Be3 b4 15. Nd1 Be6 16. b3 Nxg4 17. fxg4 Bxa1 18. Qh2 Ra7 19. Nf5 gxf5 20. gxf5 Bc8 21.
Bh6 Re8 22. Bd3 Kh8 23. Ne3 Qf6 24. Ng4 Qxf5 25. Qe2 Qxg4 0-1

[Event "Early-Titled-Tuesday-Blitz-October-24-2023"]
[Site "Chess.com"]
[Date "2023.10.24"]
[Round "3"]
[White "Kostya0705"]
[Black "zeebraa"]
[Result "1-0"]
[WhiteElo "2621"]
[BlackElo "2256"]
[TimeControl "180+1"]
[EndTime "8:25:35 PDT"]
[Termination "Kostya0705 won by resignation"]

1. e4 c5 2. Nf3 Nc6 3. Nc3 Nf6 4. d4 cxd4 5. Nxd4 e5 6. Ndb5 d6 7.
Bg5 a6 8. Na3 b5 9. Bxf6 gxf6 10.
Nd5 Bg7 11. Bd3 Ne7 12. Nxe7 Qxe7 13. O-O f5 14. c4 Bb7 15. cxb5 fxe4 16. bxa6 exd3 17.
axb7 Qxb7 18. Qxd3 d5 19. Nb5 O-O 20. a4 e4 21. Qb3 d4 22. Nxd4 Qxb3 23. Nxb3 Bxb2 24.
Ra2 Be5 25. Nc5 Rfc8 26. Nxe4 Rc4 27. Ng5 Rcxa4 28. Re2 Bf6 29. Ne4 Bd4 30. g3 Ra1 31. Rxa1 Rxa1+ 32. Kg2 Kg7 33. Nd6 Bf6 34. Kf3 Ra3+ 35. Kf4 Ra4+ 36. Kf5 Ra5+ 37. Kg4 h5+ 38. Kf3 Kg6 39. Ne4 Bd4 40. Kg2 Rb5 41. Rd2 Be5 42.
f4 Rb2 43. fxe5 1-0

[Event "Early-Titled-Tuesday-Blitz-October-24-2023"]
[Site "Chess.com"]
[Date "2023.10.24"]
[Round "3"]
[White "salomez"]
[Black "DonCiao"]
[Result "1-0"]
[WhiteElo "2366"]
[BlackElo "2133"]
[TimeControl "180+1"]
[EndTime "8:25:39 PDT"]
[Termination "salomez won by resignation"]

1. d4 Nf6 2. Nc3 d5 3. Bf4 c6 4. e3 g6 5. Be2 Bg7 6. h4 h5 7.
Nf3 Bg4 8. Ne5 Bxe2 9. Qxe2 Nbd7 10. O-O-O Nxe5 11. dxe5 Nd7 12. e4 e6 13. exd5 cxd5 14. Nb5 O-O 15. Nd6 Qa5 16. Kb1 Qb4 17. Qe3 b5 18. g4 Qc5 19. Rd4 Rac8 20. Nxc8 Rxc8 21.
c3 b4 22. Rxb4 Qxe3 23. Bxe3 Nxe5 24. gxh5 a5 25. Rb7 Nf3 26. hxg6 fxg6 27. h5 g5 28. h6 Bh8 29. h7+ Kf8 30. Rh6 Re8 31. Rg6 1-0

[Event "Early-Titled-Tuesday-Blitz-October-24-2023"]
[Site "Chess.com"]
[Date "2023.10.24"]
[Round "3"]
[White "Khromkin"]
[Black "Larina_Maria"]
[Result "1-0"]
[WhiteElo "2490"]
[BlackElo "2226"]
[TimeControl "180+1"]
[EndTime "8:25:41 PDT"]
[Termination "Khromkin won by resignation"]

1. d4 f5 2. e4 fxe4 3. Nc3 Nf6 4. Bg5 Nc6 5. d5 Ne5 6. Qd4 Nf7 7. Nh3 c6 8. O-O-O Qb6 9. Bxf6 gxf6 10. Qxe4 Bh6+ 11.
Kb1 e5 12. dxe6 dxe6 13. Be2 Bd7 14. Bh5 Qc7 15. Qh4 Bg7 16. Ne4 Ke7 17. Bxf7 Kxf7 18.
Nd6+ Ke7 19. Rhe1 Raf8 20. Nf4 Qb6 21. Nf5+ Kf7 22. Rxd7+ Ke8 1-0

[Event "Early-Titled-Tuesday-Blitz-October-24-2023"]
[Site "Chess.com"]
[Date "2023.10.24"]
[Round "3"]
[White "Korchmar_Vasiliy"]
[Black "newyorkmouse"]
[Result "1-0"]
[WhiteElo "2764"]
[BlackElo "2493"]
[TimeControl "180+1"]
[EndTime "8:25:42 PDT"]
[Termination "Korchmar_Vasiliy won by resignation"]

1. e4 g6 2. d4 Bg7 3. c3 d5 4.
e5 c5 5. dxc5 Bxe5 6. Nf3 Bg7 7.
Bb5+ Nc6 8. O-O Nf6 9. Ne5 Bd7 10.
Nxd7 Qxd7 11. Nd2 O-O 12. Nf3 Rac8 13. Bg5 h6 14. Bh4 g5 15. Bg3 Ne4 16. Ne5 Qf5 17.
Nd3 a6 18. Ba4 Qg6 19. Bc2 f5 20. f3 Nxg3 21. hxg3 e5 22. g4 fxg4 23. Nxe5 Qe6 24. Nxg4 Rce8 25. Qd3 Qe2 26. Qh7+ Kf7 27. Nxh6+ 1-0

[Event "Early-Titled-Tuesday-Blitz-October-24-2023"]
[Site "Chess.com"]
[Date "2023.10.24"]
[Round "3"]
[White "IMRosen"]
[Black "Chernov_Mikhail"]
[Result "1-0"]
[WhiteElo "2569"]
[BlackElo "2379"]
[TimeControl "180+1"]
[EndTime "8:25:45 PDT"]
[Termination "IMRosen won by checkmate"]

1. e4 c5 2. Nc3 Nc6 3. Bb5 Nd4 4. Nf3 g6 5. Bc4 Bg7 6. Nxd4 cxd4 7. Qf3 Nh6 8. Ne2 O-O 9. d3 Qb6 10. Bb3 d6 11. Qg3 a5 12. h4 a4 13. Bc4 Ng4 14.
h5 Ra5 15. hxg6 hxg6 16. f3 Ne5 17. Qh4 Rd8 18. Qh7+ Kf8 19. Bh6 Qxb2 20. Qh8# 1-0

[Event "Early-Titled-Tuesday-Blitz-October-24-2023"]
[Site "Chess.com"]
[Date "2023.10.24"]
[Round "3"]
[White "Josgar05"]
[Black "Karttunen"]
[Result "0-1"]
[WhiteElo "2360"]
[BlackElo "2609"]
[TimeControl "180+1"]
[EndTime "8:25:47 PDT"]
[Termination "Karttunen won by checkmate"]

1. Nf3 Nf6 2. b3 d5 3. Bb2 c5 4. g3 Nc6 5. Bg2 d4 6. O-O Bg4 7. h3 Bxf3 8. Bxf3 Qd7 9. Bg2 e5 10. d3 Bd6 11. c3 O-O 12. cxd4 cxd4 13. Nd2 Rac8 14. Rc1 b5 15. Re1 Nb4 16. a3 Na2 17. Rxc8 Rxc8 18. b4 Nc3 19. Qb3 h5 20. h4 Qg4 21.
Bxc3 dxc3 22. Ne4 Nxe4 23. Bxe4 c2 24. Qb2 f5 25. Bf3 Qg6 26. Rc1 e4 27. dxe4 fxe4 28.
Rxc2 Rf8 29. Bg2 e3 30. Rc6 exf2+ 31. Kf1 Qxg3 32. Qd2 Qxg2+ 33. Kxg2 f1=Q# 0-1

[Event "Early-Titled-Tuesday-Blitz-October-24-2023"]
[Site "Chess.com"]
[Date "2023.10.24"]
[Round "3"]
[White "campochess"]
[Black "GiorgianBarbosa"]
[Result "0-1"]
[WhiteElo "2196"]
[BlackElo "2405"]
[TimeControl "180+1"]
[EndTime "8:25:47 PDT"]
[Termination "GiorgianBarbosa won by resignation"]

1. d4 Nf6 2. Bg5 g6 3. Bxf6 exf6 4. c4 Bg7 5. Nc3 O-O 6. g3 d6 7. Bg2 h5 8. Nf3 c6 9. O-O Bg4 10.
h3 Bf5 11. e4 Bc8 12. Re1 f5 13. e5 dxe5 14. Nxe5 Nd7 15. Qc2 h4 16. g4 Nxe5 17. dxe5 fxg4 18. hxg4 Bxg4 19. Qe4 Bf5 20. Qf4 h3 21.
Bf3 Qe7 22. Re2 Rfe8 23. Rae1 Rad8 24. Bg4 Qh4 25. e6 Qxg4+ 26. Qxg4 Bxg4 27. exf7+ Kxf7 28. Rxe8 Rxe8 29. Rxe8 Kxe8 0-1

[Event "Early-Titled-Tuesday-Blitz-October-24-2023"]
[Site "Chess.com"]
[Date "2023.10.24"]
[Round "3"]
[White "SnekkerAndersen"]
[Black "Millerkallpa"]
[Result "1-0"]
[WhiteElo "2520"]
[BlackElo "2052"]
[TimeControl "180+1"]
[EndTime "8:25:48 PDT"]
[Termination "SnekkerAndersen won by checkmate"]

1. d4 d5 2. c4 e6 3. Nc3 Nf6 4. cxd5 exd5 5. Bg5 Be7 6. e3 O-O 7. Qc2 Nbd7 8. Bd3 Re8 9. O-O-O c6 10. Kb1 b5 11. Nf3 b4 12. Ne2 Ne4 13. Bxe7 Qxe7 14.
Ng3 c5 15. dxc5 Ndxc5 16. Bb5 Rd8 17. Nd4 Bb7 18. f3 Nxg3 19. hxg3 g6 20. g4 Rac8 21.
g3 a6 22. Qh2 h5 23. gxh5 axb5 24. hxg6 fxg6 25. Qh8+ Kf7 26. Rh7# 1-0

[Event "Early-Titled-Tuesday-Blitz-October-24-2023"]
[Site "Chess.com"]
[Date "2023.10.24"]
[Round "3"]
[White "Elsa167"]
[Black "LoydBlankenship"]
[Result "1-0"]
[WhiteElo "2863"]
[BlackElo "2651"]
[TimeControl "180+1"]
[EndTime "8:25:50 PDT"]
[Termination "Elsa167 won by resignation"]

1. d4 Nf6 2. c4 g6 3. Nc3 Bg7 4. e4 O-O 5. Be3 d6 6. h3 c5 7. Nf3 cxd4 8. Nxd4 Nc6 9. Be2 Bd7 10. O-O Rc8 11.
Rc1 Qa5 12. b3 h5 13. Kh1 Kh7 14. f4 Nxd4 15. Bxd4 Bc6 16. Qd3 e5 17. Be3 exf4 18.
Rxf4 Rfe8 19. Rcf1 Qd8 20. Bd4 Re6 21. Nd5 Ng4 1-0

[Event "Early-Titled-Tuesday-Blitz-October-24-2023"]
[Site "Chess.com"]
[Date "2023.10.24"]
[Round "3"]
[White "DopplerCharlotteDeWitte"]
[Black "C_K_G"]
[Result "1-0"]
[WhiteElo "2786"]
[BlackElo "1874"]
[TimeControl "180+1"]
[EndTime "8:25:50 PDT"]
[Termination "DopplerCharlotteDeWitte won by resignation"]

1. e4 c5 2. Nf3 d6 3. d4 cxd4 4. Nxd4 Nf6 5. Nc3 a6 6. Be2 e5 7.
Nb3 Be6 8. f4 Qc7 9. f5 Bc4 10.
Bg5 Nbd7 11. O-O b5 12. a3 Rc8 13. Kh1 Be7 14. Bxc4 bxc4 15. Nd2 O-O 16. Qf3 Rb8 17. Rab1 Rb7 18. g4 Rfb8 19. Bxf6 Bxf6 20. Nd5 Qc5 21. Qg3 h6 22. h4 Rxb2 23. Rxb2 Rxb2 24. g5 hxg5 25.
hxg5 Bd8 26. g6 Rxc2 27. Nf3 Nf6 28. gxf7+ Kxf7 29. Ng5+ Kf8 30. Ne6+ Kf7 31. Qxg7+ Ke8 32. Nxc5 dxc5 33. Nxf6+ Bxf6 34. Qxf6 1-0

[Event "Early-Titled-Tuesday-Blitz-October-24-2023"]
[Site "Chess.com"]
[Date "2023.10.24"]
[Round "3"]
[White "surrenderPLS"]
[Black "Rud_Makarian"]
[Result "0-1"]
[WhiteElo "2508"]
[BlackElo "2959"]
[TimeControl "180+1"]
[EndTime "8:25:53 PDT"]
[Termination "Rud_Makarian won by checkmate"]

1. e4 c5 2. Nf3 d6 3. d4 cxd4 4. Nxd4 Nf6 5. Nc3 Nc6 6. Bg5 Bd7 7. Qd2 Nxd4 8. Qxd4 h6 9. Bxf6 gxf6 10. Bc4 Qa5 11.
O-O-O Rc8 12. Bb3 Qc5 13. Qd2 b5 14. Kb1 a5 15. a4 b4 16. Nd5 Bg7 17. Rc1 e6 18. Nf4 Ke7 19. c3 bxc3 20. Rxc3 Qb6 21. Rhc1 f5 22. Rxc8 Rxc8 23. Rxc8 Bxc8 24. Qc2 fxe4 25.
Qxc8 Qxb3 26. Qc7+ Kf6 27. Qxd6 Kf5 28. Qd2 Bxb2 29. Qe3 Bc3+ 30. Kc1 Qb2+ 31. Kd1 Qb1+ 32. Ke2 Qc2+ 33. Kf1 Qd1+ 34. Qe1 Qxe1# 0-1

[Event "Early-Titled-Tuesday-Blitz-October-24-2023"]
[Site "Chess.com"]
[Date "2023.10.24"]
[Round "3"]
[White "victormago"]
[Black "IriBu"]
[Result "0-1"]
[WhiteElo "2428"]
[BlackElo "2609"]
[TimeControl "180+1"]
[EndTime "8:25:53 PDT"]
[Termination "IriBu won on time"]

1. d4 Nf6 2. c4 e6 3. Nc3 Bb4 4. Qc2 Nc6 5. Nf3 O-O 6. g3 d6 7. Bg2 e5 8. dxe5 Nxe5 9. O-O Nxc4 10. Qb3 Bxc3 11. Qxc3 Nb6 12. Qc2 h6 13. a4 a5 14. b3 Bg4 15. Bb2 Nbd5 16. Rac1 c6 17. Rfd1 Nb4 18. Qd2 d5 19. Ne5 Be6 20. Qc3 Qe7 21. Qd4 Rfd8 22. h4 Na2 23. Ra1 Nb4 24.
Rac1 Rac8 25. Qb6 Ra8 26. Bf3 Ne4 27. Qe3 Nd6 28. Qd4 Nf5 29. Qd2 d4 30. Bg2 Bxb3 31. Re1 Qxe5 0-1

[Event "Early-Titled-Tuesday-Blitz-October-24-2023"]
[Site "Chess.com"]
[Date "2023.10.24"]
[Round "3"]
[White "c63_amg"]
[Black "DavidLana1987"]
[Result "1-0"]
[WhiteElo "2817"]
[BlackElo "2589"]
[TimeControl "180+1"]
[EndTime "8:25:57 PDT"]
[Termination "c63_amg won by checkmate"]

1. e4 e6 2. d4 d5 3. Nc3 dxe4 4.
Nxe4 Bd7 5. Nf3 Bc6 6. Bd3 Nd7 7. Qe2 Bxe4 8. Bxe4 c6 9. c3 Ngf6 10. Bc2 Bd6 11.
O-O Qe7 12. Ne5 O-O 13. Bg5 h6 14. Bh4 c5 15. Nxd7 Qxd7 16. Rad1 Qc7 17. Bxf6 gxf6 18. Qh5 Kg7 19. d5 f5 20. Rfe1 Rfe8 21. dxe6 fxe6 22.
Bb3 c4 23. Bxc4 Qxc4 24. Rxd6 Re7 25. h3 Rf8 26. Re3 f4 27. Qg4+ Kf7 28. b3 Qc5 29. Rexe6 Rxe6 30. Qxe6+ Kg7 31. Rd7+ Kh8 32. Qxh6+ Kg8 33.
Qg7# 1-0

[Event "Early-Titled-Tuesday-Blitz-October-24-2023"]
[Site "Chess.com"]
[Date "2023.10.24"]
[Round "3"]
[White "venturov"]
[Black "Sadykov_Ramil"]
[Result "1-0"]
[WhiteElo "2485"]
[BlackElo "2631"]
[TimeControl "180+1"]
[EndTime "8:25:57 PDT"]
[Termination "venturov won by resignation"]

1. e4 c5 2. Nf3 e6 3. d4 cxd4 4. Nxd4 Nf6 5. Nc3 Bb4 6. e5 Nd5 7. Bd2 Bxc3 8. bxc3 O-O 9. Bd3 d6 10. exd6 Qxd6 11. O-O Bd7 12. Nf3 f6 13. Re1 Nc6 14. c4 Nde7 15. Rb1 Qc7 16. Qe2 e5 17. Bc3 Bf5 18. Red1 Rfd8 19. Qe3 Rd7 20. Nh4 Bxd3 21. cxd3 Rad8 22. Qf3 Nd4 23. Bxd4 Rxd4 24. Rxb7 Rxd3 25. Rxd3 Rxd3 26. Rxc7 1-0

[Event "Early-Titled-Tuesday-Blitz-October-24-2023"]
[Site "Chess.com"]
[Date "2023.10.24"]
[Round "3"]
[White "meoluoi91"]
[Black "viktorgen2021"]
[Result "1-0"]
[WhiteElo "2599"]
[BlackElo "2426"]
[TimeControl "180+1"]
[EndTime "8:25:58 PDT"]
[Termination "meoluoi91 won by resignation"]

1. d4 Nf6 2. c4 g6 3. g3 Bg7 4. Bg2 O-O 5. Nc3 d6 6. e4 Nc6 7.
Nge2 e5 8. Be3 Ng4 9. Bg5 Qxg5 10. d5 Nd4 11. Nxd4 exd4 12. Nb5 Qe7 13. O-O d3 14. Rb1 a6 15. Na3 Ne5 16. h3 f5 17. f4 Nf7 18.
Qxd3 fxe4 19. Bxe4 Bxh3 20. Rfe1 Qd7 21. Nc2 Nh6 22.
Nd4 Rae8 23. Ne6 Rf6 24. Re2 Kh8 25. Nxg7 Kxg7 26. Rbe1 Rff8 27. Qd4+ Kg8 28. c5 Qg4 29. Kh2 Qh5 30. Kg1 Nf5 31. Qc3 dxc5 32. Bf3 Bg4 33. Rxe8 Nd4 34. Rxf8+ Kxf8 35. Qxc5+ Kg8 36. Re8+ 1-0

[Event "Early-Titled-Tuesday-Blitz-October-24-2023"]
[Site "Chess.com"]
[Date "2023.10.24"]
[Round "3"]
[White "ChessBliss09"]
[Black "carloseduar100"]
[Result "0-1"]
[WhiteElo "2025"]
[BlackElo "2326"]
[TimeControl "180+1"]
[EndTime "8:25:59 PDT"]
[Termination "carloseduar100 won on time"]

1. d4 d5 2. c4 e5 3. dxe5 d4 4.
Nf3 Nc6 5. Bf4 Nge7 6. a3 Ng6 7. Bg5 Be7 8. Bxe7 Qxe7 9. Nxd4 Ncxe5 10. e3 Bd7 11. Be2 O-O-O 12. Qc2 h5 13. b4 Nh4 14. g3 Ng2+ 15. Kd1 h4 16. Rg1 h3 17. Nd2 Ng4 18.
Bxg4 Bxg4+ 19. Kc1 Nxe3 20. fxe3 Qxe3 21. Rf1 Rxd4 22. Kb2 Rxd2 23. Rae1 Rxc2+ 24. Kxc2 Qd4 25. Kb3 Qd3+ 0-1

[Event "Early-Titled-Tuesday-Blitz-October-24-2023"]
[Site "Chess.com"]
[Date "2023.10.24"]
[Round "3"]
[White "Shivananda1964"]
[Black "pinguino120"]
[Result "1-0"]
[WhiteElo "2395"]
[BlackElo "2186"]
[TimeControl "180+1"]
[EndTime "8:26:02 PDT"]
[Termination "Shivananda1964 won by resignation"]

1. e4 c5 2. Nf3 d6 3. Bc4 e6 4. d3 Nf6 5. O-O Be7 6. a3 O-O 7. Ba2 Nc6 8. Nc3 a6 9. Ng5 h6 10. Nh3 b5 11. f4 Nd4 12. Ne2 e5 13. c3 Nxe2+ 14. Qxe2 Bxh3 15. gxh3 Qd7 16. fxe5 dxe5 17. Rf3 Rac8 18. Rg3 Kh7 19. Be3 Qc6 20. Qg2 Rg8 21.
Bxf7 c4 22. Bxg8+ Rxg8 23. Rf1 cxd3 24. Bxh6 gxh6 25. Rxg8 1-0

[Event "Early-Titled-Tuesday-Blitz-October-24-2023"]
[Site "Chess.com"]
[Date "2023.10.24"]
[Round "3"]
[White "Aygehovit1992"]
[Black "K_A_S_T_O_R"]
[Result "0-1"]
[WhiteElo "2657"]
[BlackElo "2878"]
[TimeControl "180+1"]
[EndTime "8:26:07 PDT"]
[Termination "K_A_S_T_O_R won on time"]

1. e4 c5 2. Nf3 d6 3. d4 cxd4 4. Nxd4 Nf6 5. Nc3 a6 6. h3 e6 7. g4 h6 8. Bg2 Be7 9. Be3 Nc6 10. Nxc6 bxc6 11. e5 Nd5 12. exd6 Bxd6 13. Ne4 Be7 14.
Qd4 O-O 15. a3 Rb8 16. b4 f5 17. O-O-O fxe4 18. Bxe4 Qb6 19. Qxb6 Nxb6 20. Bxc6 a5 21. Rd4 axb4 22. axb4 Nd5 23. Bxd5 exd5 24. Rhd1 Bxb4 25.
Rxd5 Ba3+ 26. Kd2 Be6 27. Rd3 Bb4+ 28. Kc1 Rfc8 29. Bf4 Ra8 30. Bd6 Bc3 31. Rxc3 Rxc3 0-1

[Event "Early-Titled-Tuesday-Blitz-October-24-2023"]
[Site "Chess.com"]
[Date "2023.10.24"]
[Round "3"]
[White "milovichalex"]
[Black "ExchangeAB"]
[Result "0-1"]
[WhiteElo "2313"]
[BlackElo "2548"]
[TimeControl "180+1"]
[EndTime "8:26:07 PDT"]
[Termination "ExchangeAB won by checkmate"]

1. e4 c6 2. Nc3 d5 3. exd5 cxd5 4. d4 Nf6 5. Bf4 Nc6 6. Nb5 e5 7. dxe5 Ne4 8. f3 g5 9. Be3 Nc5 10. Qxd5 Qxd5 11. Nc7+ Kd8 12. Nxd5 Be6 13. O-O-O Kc8 14. Bxg5 Rg8 15. Bf6 a6 16. Nb6+ Kb8 17. b4 Nxb4 18.
Rd8+ Ka7 19. Nxa8 Nxa2+ 20. Kb2 Na4+ 21. Ka1 Ba3 22. Rxg8 Bb2+ 23. Kb1 N2c3# 0-1

[Event "Early-Titled-Tuesday-Blitz-October-24-2023"]
[Site "Chess.com"]
[Date "2023.10.24"]
[Round "3"]
[White "DarZay"]
[Black "dapsay"]
[Result "0-1"]
[WhiteElo "2233"]
[BlackElo "2405"]
[TimeControl "180+1"]
[EndTime "8:26:10 PDT"]
[Termination "dapsay won by resignation"]

1. e4 c5 2. Nf3 e6 3. d4 cxd4 4.
Nxd4 a6 5. Nc3 b5 6. Be3 Bb7 7. Be2 Nc6 8. O-O Rc8 9. Nxc6 Bxc6 10. f4 Bb4 11. Bd3 Nf6 12. e5 Nd5 13. Nxd5 Bxd5 14. c3 Bc5 15. Bxc5 Rxc5 16. a4 b4 17. Bxa6 bxc3 18.
bxc3 Rxc3 19. Qd4 Qc7 20. Bb5 O-O 21. a5 Rb8 22. Be2 Rb2 23. Bf3 Rc4 24. Qe3 Rc3 25. Qd4 Bxf3 26. Rxf3 Rcc2 27. Rg3 Qxa5 28. Qxb2 Qc5+ 29.
Kh1 Rxb2 30. Ra8+ Qf8 31. Rxf8+ Kxf8 32. Kg1 Rd2 33. Rb3 g6 34. g3 h5 35. h3 Kg7 36.
Kf1 Kf8 37. Ke1 Rh2 38. h4 Rc2 39. Rd3 Ke7 40. Kd1 Ra2 41. Ke1 d5 42. exd6+ Kd7 43. Rb3 Kxd6 44. Rb7 Rg2 45. Rxf7 Rxg3 46. Kf2 Rg4 47.
Rg7 Rxf4+ 48. Ke3 Rg4 49. Kf3 Ke5 0-1

[Event "Early-Titled-Tuesday-Blitz-October-24-2023"]
[Site "Chess.com"]
[Date "2023.10.24"]
[Round "3"]
[White "RobertoJBM"]
[Black "rikchessmx"]
[Result "1-0"]
[WhiteElo "2784"]
[BlackElo "2288"]
[TimeControl "180+1"]
[EndTime "8:26:10 PDT"]
[Termination "RobertoJBM won by resignation"]

1. e4 e5 2. Nf3 Nc6 3. Bb5 Bc5 4. c3 Qf6 5. O-O Nge7 6. d3 h6 7. Be3 Bb6 8. Nbd2 O-O 9. Nc4 d6 10. a4 a6 11. Bxc6 bxc6 12. Bxb6 cxb6 13. Nxb6 Rb8 14. a5 Be6 15. Re1 Ng6 16. Nd2 Nf4 17. Nf1 Qg5 18. g3 f5 19. f3 Nh3+ 20. Kg2 Nf4+ 21. Kh1 Nh3 22. Qe2 fxe4 23. dxe4 Rxf3 24. Qxf3 Rf8 25.
Qxf8+ Kxf8 26. Kg2 Qf6 27. Re2 Bg4 28. Nd2 Bxe2 29. Nd7+ Ke7 30. Nxf6 Kxf6 31. Kxh3 d5 32. Kg2 Bd3 33. exd5 cxd5 34. Kf2 e4 35. Ke3 Ke5 36. Nb3 g5 37. Nd4 h5 38. b4 Bc4 39. h3 Bd3 40.
Rg1 1-0